 Dungeon Sprint DCSS version 0.17-a0-1691-g18a3847 (webtiles) character file.

1206 cmyster the Unseen (level 8, -5/50 HPs)
             Began as a Kobold Assassin on Aug 20, 2015.
             Was an Initiate of Dithmenos.
             Slain by a deep troll (11 damage)
             ... in the Dungeon (Sprint I: "Red Sonja").
             The game lasted 00:02:45 (232 turns).

cmyster the Unseen (Kobold Assassin)                 Turns: 232, Time: 00:02:45

Health: -5/50      AC:  7    Str: 10    XL:     8   Next: 73%
Magic:  8/8        EV: 22    Int:  9    God:    Dithmenos [......]
Gold:   405        SH:  0    Dex: 19    Spells: 0 memorised, 7 levels left

rFire  . . .     SeeInvis .     q - +0 dagger (venom)
rCold  + . .     Clarity  .     o - +3 leather armour {rC+}
rNeg   . . .     SustAt   .     (shield restricted)
rPois  .         Gourm    .     (no helmet)
rElec  .         Spirit   .     d - +0 cloak
rCorr  .         Warding  .     (no gloves)
rMut   .         NoTele   +     (no boots)
MR     .....                    (no amulet)
Stlth  ++++++++..               (no ring)
                                (no ring)

@: not resistant to hostile enchantments, extraordinarily stealthy
A: carnivore 3
a: Renounce Religion


You were in the Dungeon.
You worshipped Dithmenos.
Dithmenos was noncommittal.
You were not hungry.

You visited 1 branch You collected 405 gold pieces.

Inventory:

Hand weapons
 a - a +2 dagger
 b - a +0 blowgun
 p - a +0 blowgun
 q - a +0 dagger of venom (weapon)
Missiles
 e - 8 poisoned needles
 f - 6 curare-tipped needles
Armour
 c - a +0 robe
 d - a +0 cloak (worn)
 o - a +3 leather armour of cold resistance (worn)
Scrolls
 m - a scroll of blinking
Potions
 h - a potion of curing
 i - a potion of heal wounds
 j - a potion of haste
 k - 2 potions of magic
 l - a potion of berserk rage
 n - 3 potions of lignification {unknown}
Comestibles
 g - a meat ration


   Skills:
 + Level 5.6 Fighting
 + Level 8.2 Short Blades
 - Level 2.6 Throwing
 + Level 1.4 Armour
 * Level 9.6 Dodging
 + Level 19.0 Stealth


You had 7 spell levels left.
You didn't know any spells.

Dungeon Overview and Level Annotations

Branches:
Dungeon (1/1)

Altars:
Cheibriados
Dithmenos
Elyvilon
Fedhas
Gozag
Kikubaaqudgha
Makhleb
Nemelex Xobeh
Okawaru
Qazlal
Ru
Sif Muna
Trog
Vehumet
Xom
Yredelemnul
Zin
The Shining One
Jiyva

Shops:
D [


Innate Abilities, Weirdness & Mutations

You are small and have problems with some larger weapons.
You are carnivorous and can eat meat at any time.


Message History

The deep troll is lightly wounded.
The deep troll bites you but does no damage.
The deep troll completely misses you. The deep troll closely misses you.
The deep troll barely misses you. The deep troll claws you!
The deep troll claws you!
There is an open door here.
You hit the deep troll but do no damage.
The deep troll is lightly wounded.
You hit the deep troll.
The deep troll looks even sicker.
The deep troll is lightly wounded.
The deep troll bites you!
* * * LOW HITPOINT WARNING * * *
The deep troll closely misses you.
The deep troll claws you but does no damage.
You hit the deep troll but do no damage.
The deep troll is lightly wounded.
You closely miss the deep troll.
The deep troll is lightly wounded.
The deep troll bites you!
You die...

#<.#..'..#.)'..#__#
#..'..#.)'..#..'..+
#..#####'#####'#__#
#..####..#...#.####
#..#__####..##)#
#..#_..__##'#..+
#⌠⌠#_.∩..†'..._#
####_..._##_.#+#
#_____###@#
#########T####+###
+...'$$.$$+
#.†.####### ##.##
#+#


You could see a deep troll.

Vanquished Creatures
  Sonja (D)
  A slime creature (D)
  Sigmund (D)
  A yak (D)
  An ogre (D)
  Ijyb (D)
  A jelly (D)
7 creatures vanquished.

Vanquished Creatures (others)
  A gargoyle (D)
1 creature vanquished.

Grand Total: 8 creatures vanquished

Notes
Turn   | Place    | Note
--------------------------------------------------------------
     0 | D        | cmyster the Kobold Assassin began the quest for the Orb.
     0 | D        | Reached XP level 1. HP: 12/12 MP: 1/1
     2 | D        | Noticed Ijyb
     5 | D        | Killed Ijyb
     5 | D        | Reached skill level 8 in Stealth
     5 | D        | Reached XP level 2. HP: 16/18 MP: 2/2
     5 | D        | Reached XP level 3. HP: 19/22 MP: 3/3
    20 | D        | Noticed an ogre
    23 | D        | Killed an ogre
    23 | D        | Reached skill level 5 in Dodging
    23 | D        | Reached skill level 11 in Stealth
    23 | D        | Reached XP level 4. HP: 24/28 MP: 4/4
    23 | D        | Reached XP level 5. HP: 27/32 MP: 5/5
    73 | D        | Noticed Sigmund
   102 | D        | Killed Sigmund
   102 | D        | Reached skill level 5 in Short Blades
   102 | D        | Reached skill level 14 in Stealth
   102 | D        | Reached XP level 6. HP: 36/38 MP: 6/6
   117 | D        | Killed a gargoyle
   136 | D        | Found a deep blue altar of Sif Muna.
   137 | D        | Noticed a jelly
   138 | D        | Found a radiant altar of Vehumet.
   142 | D        | Killed a jelly
   151 | D        | Found a snail-covered altar of Cheibriados.
   151 | D        | Found a viscous altar of Jiyva.
   151 | D        | Found a shadowy altar of Dithmenos.
   151 | D        | Found a blossoming altar of Fedhas.
   151 | D        | Noticed a slime creature
   154 | D        | Killed a slime creature
   154 | D        | Reached skill level 16 in Stealth
   154 | D        | Reached XP level 7. HP: 42/44 MP: 7/7
   157 | D        | Became a worshipper of Dithmenos the Shadowed
   190 | D        | Found Aviluirph's Antique Armour Emporium.
   190 | D        | Found a white marble altar of Elyvilon.
   190 | D        | Found a stormy altar of Qazlal.
   190 | D        | Found a burning altar of Makhleb.
   190 | D        | Found a sacrificial altar of Ru.
   190 | D        | Found a basalt altar of Yredelemnul.
   190 | D        | Found a glowing golden altar of the Shining One.
   190 | D        | Found a sparkling altar of Nemelex Xobeh.
   190 | D        | Found a shimmering altar of Xom.
   190 | D        | Found an opulent altar of Gozag.
   190 | D        | Found an ancient bone altar of Kikubaaqudgha.
   190 | D        | Found a glowing silver altar of Zin.
   190 | D        | Noticed a yak
   191 | D        | Found an iron altar of Okawaru.
   192 | D        | Killed a yak
   192 | D        | Reached skill level 5 in Fighting
   192 | D        | Reached skill level 1 in Armour
   192 | D        | Reached skill level 17 in Stealth
   193 | D        | Found a bloodstained altar of Trog.
   204 | D        | Noticed Sonja
   208 | D        | Killed Sonja
   208 | D        | Reached skill level 19 in Stealth
   208 | D        | Reached XP level 8. HP: 50/50 MP: 8/8
   222 | D        | Noticed a deep troll
   232 | D        | Slain by a deep troll

Vault maps used:
D:        dungeon_sprint_1

Action                   |  1- 3 |  4- 6 |  7- 9 || total
-------------------------+-------+-------+-------++-------
Melee: Dagger            |     2 |    29 |     7 ||    38
 Stab: Sleeping          |     2 |     2 |     2 ||     6
